 Dungeon Crawl Stone Soup version 0.20.1-1-g8b1a95d (webtiles) character file.

721 MJtheKandyman the Destroyer (level 7, -5/36 HPs)
             Began as a Deep Elf Fire Elementalist on Dec 30, 2017.
             Was an Initiate of Vehumet.
             Killed from afar by an orc wizard (10 damage)
             ... with a puff of flame
             ... on level 4 of the Dungeon.
             The game lasted 00:32:01 (6288 turns).

MJtheKandyman the Destroyer (DEFE)                  Turns: 6288, Time: 00:32:02

Health: -5/36      AC:  2    Str:  5    XL:     7   Next: 43%
Magic:  4/15       EV: 13    Int: 22    God:    Vehumet [......]
Gold:   266        SH:  0    Dex: 15    Spells: 3/14 levels left

rFire    . . .     SeeInvis .   w - +0 quarterstaff
rCold    . . .     Gourm    .   (shield currently unavailable)
rNeg     . . .     Faith    .   a - +0 robe
rPois    .         Spirit   .   (no helmet)
rElec    .         Reflect  .   (no cloak)
rCorr    .         Harm     .   (no gloves)
MR       .....                  (no boots)
Stlth    ++........             (no amulet)
Regen    0.2/turn               (no ring)
MPRegen  0.2/turn               (no ring)

@: no status effects
A: no striking features
a: Renounce Religion


You were on level 4 of the Dungeon.
You worshipped Vehumet.
Vehumet was noncommittal.
You were not hungry.

You visited 2 branches of the dungeon, and saw 6 of its levels.

You collected 266 gold pieces.

Inventory:

Hand Weapons
 i - a +2 dagger of protection
 n - a +0 hand axe of chopping
 t - a +0 dagger of electrocution
 w - a +0 quarterstaff (weapon)
Missiles
 h - 3 javelins
 p - 52 sling bullets
 q - 74 stones (quivered)
 u - 3 needles of paralysis
Armour
 a - a +0 robe (worn)
 C - a +0 robe
 E - a cursed +0 robe
Jewellery
 r - a +2 ring of intelligence {unknown}
Scrolls
 d - a scroll of fear {unknown}
 j - 3 scrolls of identify {unknown}
 s - a scroll of enchant weapon {unknown}
 v - a scroll of enchant armour {unknown}
 x - a scroll of recharging {unknown}
 y - 3 scrolls of remove curse {unknown}
 z - a scroll of random uselessness {unknown}
 A - a scroll of teleportation {unknown}
 D - a scroll of immolation {unknown}
 F - a scroll of magic mapping {unknown}
Potions
 e - a potion of cancellation {unknown}
 g - a potion of ambrosia {unknown}
 l - a potion of degeneration {unknown}
 m - 2 potions of invisibility {unknown}
 o - 2 potions of curing {unknown}
 B - a potion of agility {unknown}
 G - a potion of heal wounds {unknown}
Books
 b - a book of Flames

   Spells                             Type                      Level
   a - Flame Tongue                   Conjuration/Fire             1
   b - Throw Flame                    Conjuration/Fire             2
   c - Conjure Flame                  Conjuration/Fire             3
   d - Inner Flame                    Hexes/Fire                   3
   e - Sticky Flame                   Conjuration/Fire             4
   f - Fireball                       Conjuration/Fire             5
Comestibles
 c - 4 bread rations
 f - 2 royal jellies


   Skills:
 - Level 2.4 Dodging
 - Level 2.4 Stealth
 - Level 4.0 Spellcasting
 + Level 8.8 Conjurations
 - Level 3.2 Fire Magic


You had 3 spell levels left.
You knew the following spells:

 Your Spells              Type           Power        Failure   Level  Hunger
a - Flame Tongue          Conj/Fire      ####.        1%          1    None
b - Throw Flame           Conj/Fire      ####..       1%          2    #......
c - Conjure Flame         Conj/Fire      ####....     2%          3    ###....
d - Fireball              Conj/Fire      ####......   26%         5    ######.


Dungeon Overview and Level Annotations

Branches:
Dungeon (5/15)             Temple (1/1) D:5

Altars:
Ashenzari
Cheibriados
Elyvilon
Fedhas
Gozag
Hepliaklqana
Kikubaaqudgha
Nemelex Xobeh
Okawaru
Qazlal
Ru
Sif Muna
Trog
Vehumet
Xom
Yredelemnul
Zin
The Shining One

Shops:
D:5 %


Message History

The orc wizard flickers and vanishes!
Deactivating autopickup; reactivate with Ctrl-A.
There is an open door here.
A magic dart appears from out of thin air!
The magic dart hits you!
You close the door.
Something unseen opens the door.
An orc wizard comes into view. It is wielding a dagger.
You close the door.
Something unseen opens the door.
You hear some strange, mumbled words.
A puff of flame appears from out of thin air!
The puff of flame hits you!
A puff of flame appears from out of thin air!
The puff of flame hits you!
A magic dart appears from out of thin air!
The magic dart hits you!
* * * LOW HITPOINT WARNING * * *
You hear some strange, mumbled words.
A puff of flame appears from out of thin air!
The puff of flame hits you!
You die...

##....##.#....#'###......########
.#....#..#....#..[#......#
.#....#..#.)..#...'......#
.#....'..#....#...#......#
o'....#..+....#...#......#
.#....####....##..#......###
##.........#####+##....##..#
.#....)....#......#....#...#
.#.........#....@.#....#...#
+#...>.....#####..#....#..##
....#####'###.##..#....#..###
....#..#..........#....#....#
....#..#..........#....#....#
....#..'..........#)...#....#
....##.############....##...#
'#########..............#[#####
....'....#..............'ยง....#


There were no monsters in sight!

Vanquished Creatures
  An ogre (D:4)
  2 phantoms
  A hound (D:4)
  2 orc wizards
  A bullfrog skeleton (D:4)
  A centaur skeleton (D:4)
  An orc priest (D:4)
  An iguana (D:4)
  3 worker ants (D:4)
  A hound skeleton (D:4)
  A howler monkey zombie (D:3)
  7 adders
  An ooze (D:3)
  2 worms
  2 dart slugs
  8 orcs
  4 bats
  2 giant cockroaches (D:1)
  7 hobgoblins
  14 jackals
  4 quokkas
  5 frilled lizards
  10 goblins
  8 kobolds
  A quokka skeleton (D:4)
  10 rats
100 creatures vanquished.

Notes
Turn   | Place    | Note
-------+----------+-------------------------------------------
     0 | D:1      | MJtheKandyman the Deep Elf Fire Elementalist began the quest for the Orb.
     0 | D:1      | Reached XP level 1. HP: 10/10 MP: 6/6
   260 | D:1      | Reached skill level 2 in Conjurations
   261 | D:1      | Reached XP level 2. HP: 15/15 MP: 2/8
   921 | D:1      | Reached XP level 3. HP: 19/19 MP: 7/10
  1142 | D:2      | Found a snail-covered altar of Cheibriados.
  1361 | D:2      | Found a shimmering altar of Xom.
  1453 | D:2      | Reached skill level 3 in Conjurations
  1563 | D:2      | Found a shimmering altar of Xom.
  1714 | D:2      | Found a hazy altar of Hepliaklqana.
  1762 | D:2      | Learned a level 2 spell: Throw Flame
  1836 | D:2      | Learned a level 3 spell: Conjure Flame
  1901 | D:2      | Found a radiant altar of Vehumet.
  2139 | D:2      | Reached XP level 4. HP: 24/24 MP: 7/12
  2460 | D:3      | Reached skill level 4 in Conjurations
  2820 | D:3      | Reached XP level 5. HP: 28/28 MP: 7/13
  2823 | D:3      | Reached skill level 5 in Conjurations
  3266 | D:4      | Learned a level 5 spell: Fireball
  3488 | D:4      | Noticed a phantom
  3526 | D:4      | Killed a phantom
  3526 | D:4      | Reached skill level 6 in Conjurations
  3526 | D:4      | Reached XP level 6. HP: 32/32 MP: 0/14
  3724 | D:4      | Reached skill level 7 in Conjurations
  3822 | D:4      | Found a glowing golden altar of the Shining One.
  4516 | D:4      | Reached XP level 7. HP: 36/36 MP: 11/15
  4554 | D:4      | Reached skill level 8 in Conjurations
  4952 | D:5      | Entered Level 5 of the Dungeon
  5472 | D:5      | Found a staircase to the Ecumenical Temple.
  5478 | Temple   | Entered the Ecumenical Temple
  5886 | D:2      | Became a worshipper of Vehumet
  6052 | D:5      | Found Ownar's Food Boutique.
  6288 | D:4      | Killed from afar by an orc wizard

Skill      XL: |  1  2  3  4  5  6  7 |
---------------+----------------------+-----
Conjurations   | 2 3 4 6 7 8 |  8.8
Spellcasting   | 4 |  4.0
Dodging        | |  2.4
Stealth        | |  2.4
Fire Magic     | |  3.2

Action                   |  1- 3 |  4- 6 |  7- 9 || total
-------------------------+-------+-------+-------++-------
Melee: Quarterstaff      |       |     5 |    11 ||    16
Throw: Stone             |    10 |     2 |    18 ||    30
       Javelin           |     4 |       |       ||     4
       Throwing net      |     1 |       |       ||     1
 Cast: Flame Tongue      |    73 |    83 |    27 ||   183
       Throw Flame       |     4 |    22 |     7 ||    33
       Conjure Flame     |     1 |     5 |     2 ||     8
  Eat: Chunk             |     4 |     5 |     1 ||    10
       Royal jelly       |       |     1 |     1 ||     2
       Meat ration       |       |       |     1 ||     1
Armor: Robe              |     5 |     1 |       ||     6
Dodge: Dodged            |     8 |     8 |    15 ||    31
